 Dungeon Crawl Stone Soup version 0.21.1-1-g345015fe64 (webtiles) character file.

257 RepoMan the Insei (level 5, -3/42 HPs)
             Began as a Draconian Transmuter on July 12, 2018.
             Blown up by an orc (19 damage)
             ... with a wand of disintegration (13)
             ... on level 3 of the Dungeon.
             The game lasted 00:17:02 (2707 turns).

RepoMan the Insei (Draconian Transmuter)            Turns: 2707, Time: 00:17:03

Health: -3/42      AC:  6    Str: 12    XL:     5   Next: 93%
Magic:  8/9        EV: 13    Int: 14    God:
Gold:   116        SH:  0    Dex: 12    Spells: 3/9 levels left

rFire    . . .     SeeInvis .     - Unarmed
rCold    . . .     Gourm    .   (no shield)
rNeg     . . .     Faith    .   (armour unavailable)
rPois    .         Spirit   .   (helmet restricted)
rElec    .         Reflect  .   i - +0 cloak
rCorr    .         Harm     .   (no gloves)
MR       .....                  (boots currently unavailable)
Stlth    +.........             (no amulet)
HPRegen  0.14/turn              (no ring)
MPRegen  0.11/turn              (no ring)

@: appendage
A: unfitting armour, talons 3, cold-blooded, AC +5
a: End Transformation


You were on level 3 of the Dungeon.
You were not hungry.
You had grown temporary talons.
You visited 1 branch of the dungeon, and saw 4 of its levels.

You collected 116 gold pieces.

Inventory:

Missiles
 a - 44 arrows
 f - 5 javelins (quivered)
Armour
 i - a +0 cloak (worn)
Jewellery
 q - a +3 ring of strength {unknown}
Scrolls
 e - 3 scrolls of teleportation {unknown}
 l - a scroll of amnesia {unknown}
 m - 2 scrolls of identify {unknown}
 n - 3 scrolls of fog {unknown}
 o - a scroll of fear {unknown}
Potions
 d - 2 potions of curing {unknown}
 g - 4 potions of might {unknown}
 h - a potion of degeneration {unknown}
 j - 2 potions of haste {unknown}
 k - a potion of lignification {unknown}
 p - a potion of brilliance {unknown}
 r - a potion of flight {unknown}
Books
 b - a book of Changes

   Spells                             Type                      Level
   a - Beastly Appendage              Transmutation                1
   b - Sticks to Snakes               Transmutation                2
   c - Spider Form                    Transmutation/Poison         3
   d - Ice Form                       Ice/Transmutation            4
   e - Blade Hands                    Transmutation                5
Comestibles
 c - 6 rations


   Skills:
 + Level 2.3 Fighting
 + Level 2.7 Dodging
 * Level 4.3 Unarmed Combat
 + Level 2.8 Spellcasting
 * Level 3.7 Transmutations


You had 3 spell levels left.
You knew the following spells:

 Your Spells              Type           Power        Failure   Level  Hunger
a - Beastly Appendage     Tmut           ##....       4%          1    #......
c - Spider Form           Tmut/Pois      #.........   30%         3    ###....
v - Sticks to Snakes      Tmut           ##......     7%          2    ###....


Dungeon Overview and Level Annotations

Branches:
Dungeon (4/15)
 Temple: D:4-7

Altars:
Okawaru


Innate Abilities, Weirdness & Mutations

Your plain brown scales are hard. (AC +5)
You cannot fit into any form of body armour.
You are cold-blooded and may be slowed by cold attacks.
You have claws for feet.


Message History

You start resting.
Your horns disappear.
You start resting.
Magic restored.
You start resting.
Some of the chunks of flesh in your inventory have rotted away. x3
All of the chunks of flesh in your inventory have rotted away.
HP restored.
Casting: Beastly Appendage
Confirm with . or Enter, or press ? or * to list all spells.
Your feet morph into talons.
The orc shouts!
The orc zaps a wand.
You barely resist.
It is a wand of disintegration (15).
The orc zaps a wand.
You are blasted!
The orc zaps a wand.
You are blasted!
The orc closely misses you.
You barely miss the orc. Your kick misses the orc.
Your tail-slap misses the orc.
You punch the orc, but do no damage.
The orc zaps a wand.
You are blasted!
You die...

###...## #.#.........).....####.
⌠##...# ............###.#......#
......##.#..##.........#...###..#
......8# #..##.......#...### .#
......## ##................###
⌠###8## ##...(............... #
## ## ##....####........#..#
###..(..........#######
##...##@..##.#.###8###8#
##..#.##o#.##.#.#........
#..#.....................
####.##......(...##.........
######>...##.........<...##8###8#
.............÷....(.#.####### ###
#######....#............# #
#(............#)#...... #
#.............).###...#


You could see an orc.

Vanquished Creatures
  Crazy Yiuf (D:2)
  A centaur skeleton (D:4)
  An adder (D:2)
  An ooze (D:2)
  2 dart slugs
  A leopard gecko (D:3)
  8 goblins
  6 hobgoblins
  8 jackals
  8 kobolds
  A ball python (D:2)
  6 bats
  3 frilled lizards
  9 rats
  A fungus (D:2)
57 creatures vanquished.

Vanquished Creatures (collateral kills)
  Grinder (D:3)
  An iguana (D:3)
  An adder (D:3)
  A worm (D:2)
4 creatures vanquished.

Grand Total: 61 creatures vanquished

Notes
Turn   | Place    | Note
-------+----------+-------------------------------------------
     0 | D:1      | RepoMan the Draconian Transmuter began the quest for the Orb.
     0 | D:1      | Reached XP level 1. HP: 16/16 MP: 3/3
   161 | D:1      | Reached XP level 2. HP: 20/23 MP: 5/5
   176 | D:1      | Learned a level 2 spell: Sticks to Snakes
   756 | D:2      | Reached XP level 3. HP: 27/28 MP: 6/6
  1430 | D:2      | You fall through a shaft for 2 floors!
  1461 | D:4      | Learned a level 3 spell: Spider Form
  1474 | D:4      | Reached XP level 4. HP: 20/36 MP: 2/7
  1672 | D:2      | Found a runed door.
  1678 | D:2      | Noticed Crazy Yiuf
  1684 | D:2      | Killed Crazy Yiuf
  2035 | D:3      | Found an iron altar of Okawaru.
  2099 | D:3      | Reached XP level 5. HP: 18/41 MP: 4/8
  2450 | D:3      | Noticed Grinder
  2475 | D:3      | Killed Grinder
  2475 | D:3      | Reached skill level 4 in Unarmed Combat
  2707 | D:3      | Blown up by an orc

Skill      XL: |  1  2  3  4  5 |
---------------+----------------+-----
Dodging        | 2 |  2.7
Fighting       | 2 |  2.3
Transmutations | 3 |  3.7
Unarmed Combat | 4 |  4.3
Spellcasting   | |  2.8

Action                   |  1- 3 |  4- 6 || total
-------------------------+-------+-------++-------
Melee: Unarmed           |   146 |    69 ||   215
       Headbutt          |    12 |     4 ||    16
       Tailslap          |     8 |     9 ||    17
       Kick              |     5 |     5 ||    10
       Punch             |     1 |     4 ||     5
 Cast: Beastly Appendage |    23 |    12 ||    35
       Sticks to Snakes  |     5 |     7 ||    12
       Spider Form       |       |     1 ||     1
 Abil: End Transformatio |       |     1 ||     1
 Stab: Sleeping          |     3 |     1 ||     4
       Distracted        |       |     1 ||     1
  Eat: Chunk             |     3 |     1 ||     4
       Ration            |       |     1 ||     1
Armor: Skin              |    39 |    15 ||    54
Dodge: Dodged            |    60 |    30 ||    90
